AoeStats
← jmunozgames

Glade

510930362Analyzed
1v1 RM · 9h ago on Oct 3, 2026· 59m 50s· 2 players
Game mode
Random Map
Map size
Tiny (2 player)
Population
200
Speed
Normal
Resources
Standard
Victory
Conquest
Starting age
Dark Age
Ending age
Imperial Age
RankedLock teamsTeams togetherTeam positionsShared explorationLock speedFull tech treeHidden civsTurbo modeCheats
Victory
Defeat
🇲🇽 Teutons · Mexico
399
+13
🇨🇱 Sicilians · Chile
342
-13
jmunozgames
0:29 Loom
12:39 Feudal Age
15:10 Double-Bit Axe
16:09 Town Watch
16:46 Stone Mining
18:20 Gold Mining
18:17 Horse Collar
22:15 Wheelbarrow
28:38 Castle Age
28:44 Castle Age
27:26 Scale Barding Armor
27:13 Fletching
28:15 Forging
28:07 Scale Mail Armor
30:27 Stone Shaft Mining
30:28 Gold Shaft Mining
31:10 Bodkin Arrow
31:43 Murder Holes
38:33 Town Patrol
38:39 Heavy Plow
41:31 Chain Barding Armor
49:51 Hand Cart
53:00 Squires
52:20 Pikeman
1-72
4:35 Loom
7:08 Loom
11:55 Feudal Age
13:41 Forging
13:22 Fletching
13:45 Double-Bit Axe
13:56 Town Watch
19:11 Horse Collar
19:35 Padded Archer Armor
26:36 Castle Age
27:25 Crossbowman
45:07 Bloodlines
49:36 Imperial Age
47:45 Wheelbarrow
46:55 Town Watch
51:38 Scale Barding Armor
53:35 Crenellations
54:42 Heated Shot
55:17 Ballistics
55:58 Chemistry
54:50 Guard Tower
55:12 Fortified Wall
55:13 Masonry
Connection lost

Rejoining the realm…

Still unreachable

The connection could not be restored.

Session expired

The server has moved on; the page needs a fresh start.